AoeStats
← LuckyFox

Black Forest

505250916Analyzed
4v4 RM · 24d ago on Sep 8, 2026· 72m 54s· 8 players
Game mode
Random Map
Map size
Large (8 player)
Population
200
Speed
Normal
Resources
Standard
Victory
Conquest
Starting age
Dark Age
Ending age
Imperial Age
RankedLock teamsTeams togetherTeam positionsShared explorationLock speedFull tech treeHidden civsTurbo modeCheats
Victory
Defeat
🇩🇪 Britons · Germany
800
+13
🇨🇳 Mongols · China
771
+32
🇷🇺 Bohemians · Russia
735
+16
🇨🇴 Chinese · Colombia
656
+19
🇫🇮 Japanese · Finland
747
-16
🇫🇮 Byzantines · Finland
730
-16
🇫🇮 Persians · Finland
726
-15
🇫🇮 Hindustanis · Finland
711
-15
Juanes22
0:40 Loom
13:55 Feudal Age
15:54 Double-Bit Axe
15:53 Horse Collar
23:36 Castle Age
22:44 Gold Mining
22:47 Stone Mining
26:52 Heavy Plow
29:46 Fortified Wall
35:34 Imperial Age
33:44 Bow Saw
34:22 Wheelbarrow
36:08 Hand Cart
38:52 Pikeman
39:32 Squires
39:18 Arson
39:40 Town Watch
39:54 Halberdier
40:50 Forging
40:41 Scale Mail Armor
40:47 Caravan
40:40 Man-at-Arms
40:45 Elite Skirmisher
41:30 Thumb Ring
41:24 Long Swordsman
42:44 Gold Shaft Mining
42:26 Great Wall
42:47 Conscription
44:31 Coinage
44:58 Chain Mail Armor
45:19 Iron Casting
45:21 Banking
45:47 Ballistics
45:03 Two-Handed Swordsman
45:04 Elite Fire Lancer
46:31 Plate Mail Armor
45:43 Heavy Rocket Cart
48:13 Champion
50:08 Blast Furnace
48:59 Fletching
49:09 Padded Archer Armor
50:03 Town Patrol
53:05 Leather Archer Armor
52:46 Bodkin Arrow
53:55 Chemistry
52:46 Heated Shot
52:51 Murder Holes
53:07 Masonry
57:16 Rocketry
56:18 Elite Chu Ko Nu
57:10 Crossbowman
57:11 Heavy Cavalry Archer
71:05 Sappers
71:41 Devotion
72:02 Sanctity
72:17 Theocracy
71:38 Herbal Medicine
72:09 Illumination
71:59 Block Printing
71:55 Fervor
71:23 Arbalester
72:36 Architecture
72:16 Careening
72:17 Clinker Construction
72:28 Shipwright
72:14 Siphons
72:00 Guard Tower
71:57 Arrowslits
72:32 Bombard Tower
71:53 Capped Ram
71:55 Heavy Scorpion
SgtPeak
11:56 Feudal Age
13:46 Double-Bit Axe
17:04 Castle Age
16:47 Double-Bit Axe
16:45 Horse Collar
18:41 Bow Saw
18:34 Heavy Plow
19:01 Fletching
24:44 Elite Skirmisher
25:14 Loom
26:06 Wheelbarrow
26:15 Town Watch
25:55 Crossbowman
27:52 Hand Cart
28:58 Stone Mining
29:01 Gold Mining
28:48 Pikeman
30:30 Gold Shaft Mining
30:03 Squires
29:52 Gambesons
32:45 Bodkin Arrow
33:39 Padded Archer Armor
33:49 Forging
37:31 Imperial Age
35:33 Ballistics
35:10 Murder Holes
35:26 Masonry
35:53 Town Patrol
36:19 Leather Archer Armor
36:40 Iron Casting
37:06 Yeomen
38:40 Warwolf
39:01 Conscription
38:15 Arbalester
38:22 Capped Ram
39:16 Scale Mail Armor
40:20 Architecture
40:53 Chemistry
39:59 Siege Engineers
41:49 Hoardings
41:19 Bracer
41:21 Light Cavalry
42:57 Ring Archer Armor
42:31 Caravan
43:24 Halberdier
45:08 Onager
47:47 Two-Man Saw
51:21 Blast Furnace
50:37 Chain Mail Armor
56:04 Plate Mail Armor
55:55 Elite Longbowman
61:03 Man-at-Arms
66:38 Husbandry
70:10 Scale Barding Armor
LuckyFox
9:07 Loom
14:13 Feudal Age
17:36 Double-Bit Axe
17:34 Horse Collar
20:49 Castle Age
21:33 Heavy Plow
21:45 Bow Saw
24:29 Ballistics
25:57 Wheelbarrow
26:15 Town Watch
28:01 Chemistry
28:13 Hand Cart
31:56 Imperial Age
31:42 Treadmill Crane
32:19 Masonry
33:07 Elite Hussite Wagon
34:32 Wagenburg Tactics
34:34 Hussite Reforms
34:57 Conscription
35:03 Town Patrol
36:17 Two-Man Saw
36:30 Houfnice
64:32 Fervor
64:36 Redemption
64:26 Atonement
64:22 Herbal Medicine
65:02 Theocracy
64:49 Sanctity
64:55 Illumination
64:45 Block Printing
64:31 Devotion
64:52 Heresy
66:21 Caravan
70:28 Sappers
71:57 Murder Holes
72:33 Architecture
shuofengk
13:58 Feudal Age
15:29 Wheelbarrow
14:40 Town Watch
15:04 Horse Collar
15:13 Double-Bit Axe
15:42 Gold Mining
24:47 Castle Age
26:33 Hand Cart
26:19 Town Patrol
27:10 Padded Archer Armor
27:01 Fletching
29:54 Caravan
30:24 Coinage
30:47 Gold Shaft Mining
30:03 Stone Mining
32:56 Bodkin Arrow
33:17 Leather Archer Armor
34:51 Bow Saw
34:45 Heavy Plow
39:25 Imperial Age
38:23 Nomads
37:58 Man-at-Arms
40:31 Bracer
39:55 Elite Mangudai
41:46 Drill
41:43 Scale Barding Armor
44:24 Chemistry
44:19 Hoardings
44:01 Scale Mail Armor
45:12 Elite Skirmisher
46:11 Heavy Camel Rider
48:28 Pikeman
49:09 Squires
51:49 Sappers
52:41 Conscription
Eemi8
11:07 Feudal Age
15:32 Double-Bit Axe
15:30 Horse Collar
16:43 Wheelbarrow
19:30 Castle Age
18:02 Gold Mining
20:54 Fletching
21:07 Padded Archer Armor
20:56 Arson
21:12 Squires
21:34 Bow Saw
21:27 Heavy Plow
25:33 Husbandry
30:13 Imperial Age
31:03 Ballistics
30:45 Bodkin Arrow
31:06 Leather Archer Armor
32:43 Chemistry
32:16 Conscription
35:05 Bracer
35:36 Ring Archer Armor
35:42 Scale Mail Armor
35:55 Forging
37:48 Kataparuto
38:17 Heavy Cavalry Archer
39:15 Thumb Ring
38:34 Elite Samurai
40:49 Parthian Tactics
41:24 Chain Mail Armor
Nahkakikkeli
11:45 Feudal Age
16:05 Double-Bit Axe
16:02 Horse Collar
22:40 Castle Age
24:57 Fletching
25:04 Elite Skirmisher
31:23 Imperial Age
29:42 Wheelbarrow
29:21 Bow Saw
29:14 Heavy Plow
30:02 Fortified Wall
32:50 Ballistics
34:26 Bodkin Arrow
34:32 Padded Archer Armor
34:55 Forging
34:48 Scale Mail Armor
36:55 Chemistry
38:43 Conscription
39:24 Hoardings
39:55 Guard Tower
40:05 Murder Holes
40:02 Arrowslits
42:31 Logistica
43:03 Iron Casting
42:48 Light Cavalry
43:36 Hussar
44:32 Scale Barding Armor
44:43 Chain Mail Armor
45:37 Leather Archer Armor
45:23 Bracer
45:44 Chain Barding Armor
47:25 Squires
47:12 Gambesons
47:28 Heavy Camel Rider
51:43 Treadmill Crane
54:27 Man-at-Arms
54:48 Cavalier
55:39 Husbandry
56:23 Plate Barding Armor
62:40 Ring Archer Armor
62:41 Plate Mail Armor
Juha Wrekter
12:11 Feudal Age
13:07 Double-Bit Axe
13:05 Horse Collar
21:44 Castle Age
22:44 Bow Saw
24:36 Gold Mining
25:06 Stone Mining
26:57 Wheelbarrow
26:48 Heavy Plow
31:51 Imperial Age
30:42 Grand Trunk Road
31:01 Husbandry
31:12 Bloodlines
31:04 Squires
32:25 Fortified Wall
33:30 Hand Cart
34:52 Gold Shaft Mining
35:38 Two-Man Saw
34:41 Guard Tower
37:23 Chemistry
36:20 Murder Holes
37:08 Shatagni
37:31 Conscription
37:38 Ballistics
36:46 Pikeman
37:22 Fletching
37:35 Padded Archer Armor
40:06 Elite Ghulam
43:22 Forging
43:13 Scale Mail Armor
47:21 Hoardings
47:26 Bodkin Arrow
51:13 Leather Archer Armor
53:15 Iron Casting
56:59 Ring Archer Armor
62:13 Blast Furnace
67:28 Chain Mail Armor
69:06 Arson
Pingu
10:45 Loom
12:30 Feudal Age
13:13 Horse Collar
13:19 Double-Bit Axe
22:43 Castle Age
20:36 Stone Mining
22:02 Gold Mining
23:18 Heavy Plow
24:44 Gold Shaft Mining
24:39 Bow Saw
25:49 Wheelbarrow
26:32 Town Watch
27:48 Hand Cart
29:43 Caravan
30:55 Scale Barding Armor
31:03 Forging
31:48 Devotion
35:16 Imperial Age
34:53 Stone Shaft Mining
35:31 Chain Barding Armor
35:48 Iron Casting
36:11 Crop Rotation
36:49 Two-Man Saw
37:29 Plate Barding Armor
37:58 Blast Furnace
38:09 Elite War Elephant
47:24 Faith
55:00 Light Cavalry
56:06 Bloodlines
55:57 Husbandry
57:45 Hussar
Connection lost

Rejoining the realm…

Still unreachable

The connection could not be restored.

Session expired

The server has moved on; the page needs a fresh start.